Map: Persephone LE

Players

Reynor

  • Race: Zerg Zerg
  • Spawn Location: 7:00

Zoun - Winner!

  • Race: Protoss Protoss
  • Spawn Location: 11:00

Event: Esports World Cup 2025

VOD

Have the link to the VOD?

Description

Time

  • Played on: July 24, 2025, 5:36 a.m.
  • Length: 7:15

All games in this series

Show
View Real Time Build Order
Export as new Build Order

Reynor Zerg 

Build Orders: Hatch First 

Get SALT Encoding   

  12  0:00  Drone  
  13  0:08  Drone  
  14  0:14  Drone, Extractor  
  14  0:21  Overlord  
  15  0:40  Drone  
  17  0:42  Drone  
  17  0:50  Hatchery  
  17  0:51  Drone  
  17  0:55  Drone  
  18  1:06  Extractor  
  18  1:10  Spawning Pool  
  16  1:13  Drone  
  16  1:17  Drone  
  18  1:26  Drone  
  19  1:38  Drone  
  20  1:48  Drone  
  21  1:59  Overlord  
  21  2:01  Queen x2  
  21  2:02  Zergling x2  
  26  2:09  Drone  
  26  2:13  Zergling x2  
  26  2:14  Metabolic Boost  
  28  2:20  Drone  
  29  2:24  Drone  
  30  2:33  Zergling x2  
  31  2:37  Queen  
  33  2:46  Hatchery  
  33  2:48  Zergling x2  
  33  2:51  Zergling x2  
  34  2:53  Overlord  
  34  2:56  Drone  
  34  2:58  Drone  
  36  3:10  Overlord  
  36  3:11  Queen  
  38  3:14  Drone  
  38  3:15  Drone  
  38  3:18  Drone  
  40  3:20  Drone  
  40  3:22  Drone  
  40  3:24  Drone  
  43  3:28  Spore Crawler  
  43  3:29  Drone  
  44  3:35  Overlord  
  44  3:38  Drone  
  44  3:40  Queen  
  47  3:42  Drone  
  47  3:44  Drone  
  47  3:48  Overlord  
  49  3:54  Drone x3  
  52  3:58  Overlord  
  52  4:00  Drone x2  
  52  4:02  Drone  
  54  4:06  Spore Crawler  
  53  4:10  Drone x2, Spore Crawler  
  53  4:12  Drone  
  53  4:14  Drone  
  53  4:15  Drone  
  57  4:18  Drone  
  57  4:21  Drone, Spore Crawler  
  57  4:22  Drone  
  59  4:30  Drone x2, Roach Warren  
  60  4:32  Drone  
  60  4:37  Zergling x2  
  62  4:41  Lair  
  62  4:42  Drone x3  
  62  4:43  Zergling x2, Extractor  
  65  4:46  Zergling x2  
  65  4:48  Overlord  
  65  4:50  Zergling x2  
  65  4:52  Zergling x6  
  70  4:55  Drone x2  
  70  4:56  Drone  
  70  4:58  Extractor  
  70  4:59  Overlord  
  72  5:03  Overlord  
  72  5:04  Drone  
  72  5:06  Drone  
  74  5:10  Overlord, Evolution Chamber  
  73  5:15  Drone  
  73  5:16  Drone x4, Extractor  
  77  5:26  Drone x3  
  77  5:27  Drone x2  
  82  5:29  Drone x3  
  82  5:33  Overlord  
  85  5:37  Drone  
  85  5:40  Spire  
  85  5:45  Drone x2  
  85  5:47  Overlord  
  85  5:48  Drone x2  
  89  5:52  Drone x2  
  89  5:54  Extractor  
  89  5:55  Overlord  
  90  5:57  Extractor  
  90  5:59  Zergling x2  
  90  6:00  Zergling x10  
  95  6:06  Overseer  
  95  6:11  Roach x3  
  100  6:13  Hatchery  
  100  6:14  Roach x4  
  100  6:18  Evolution Chamber  
  107  6:19  Spine Crawler  
  107  6:21  Roach x3  
  107  6:22  Overlord  
  107  6:24  Roach  
  114  6:26  Roach  
  112  6:34  Roach x3  
  112  6:36  Roach x2  
  114  6:41  Roach x3  
  114  6:45  Roach  
  102  6:47  Roach  
  102  6:48  Roach  
  102  6:50  Roach  
Show
View Real Time Build Order
Export as new Build Order

Zoun Protoss - Winner!

Build Orders: 1 Gate Expand, Oracle Opening, Phoenix Opening 

Get SALT Encoding   

  12  0:00  Probe  
  13  0:12  Probe  
  14  0:20  Pylon  
  14  0:24  Probe  
  15  0:34  Probe  
  15  0:40  Gateway  
  15  0:42  Probe  
  16  0:49  Assimilator  
  17  0:52  Probe  
  18  1:04  Probe  
  19  1:16  Probe  
  20  1:25  Nexus  
  20  1:36  Cybernetics Core  
  20  1:39  Probe  
  21  1:46  Assimilator  
  21  1:51  Probe  
  21  1:53  Pylon  
  22  2:02  Adept  
  22  2:03  Probe  
  25  2:15  Probe  
  25  2:17  Stargate  
  26  2:22  Adept  
  26  2:26  Warp Gate  
  26  2:28  Probe  
  27  2:33  Probe  
  30  2:40  Probe  
  30  2:41  Probe  
  32  2:51  Probe  
  32  2:52  Probe, Adept  
  36  3:01  Phoenix  
  36  3:03  Probe  
  39  3:06  Probe  
  39  3:10  Pylon  
  40  3:15  Probe  
  40  3:17  Oracle  
  40  3:19  Gateway, Probe  
  40  3:27  Probe  
  40  3:31  Probe  
  45  3:39  Probe  
  46  3:43  Probe  
  47  3:51  Probe  
  48  3:56  Pylon  
  48  3:59  Probe  
  48  4:00  Nexus  
  49  4:04  Probe  
  49  4:06  Twilight Council  
  50  4:11  Probe  
  50  4:13  Gateway  
  50  4:14  Charge  
  50  4:15  Shield Battery  
  51  4:17  Gateway  
  51  4:19  Probe  
  52  4:25  Stalker  
  52  4:26  Stalker  
  52  4:29  Probe  
  57  4:36  Robotics Facility  
  57  4:38  Probe  
  58  4:41  Assimilator  
  58  4:50  Gateway  
  58  4:57  Gateway  
  58  5:00  Gateway, Pylon  
  58  5:03  Gateway  
  58  5:08  Zealot  
  58  5:09  Zealot  
  58  5:13  Probe  
  58  5:14  Probe x2  
  65  5:16  Warp Prism  
  65  5:17  Gateway  
  65  5:20  Pylon  
  67  5:29  Probe  
  67  5:32  Pylon  
  68  5:36  Zealot x2  
  68  5:40  Adept  
  68  5:42  Probe  
  75  5:49  Pylon  
  75  5:57  Zealot x6  
  77  5:59  Observer  
  77  6:03  Zealot x2  
  92  6:06  Pylon  
  92  6:08  Pylon  
  92  6:14  Zealot  
  94  6:22  Zealot x6  
  106  6:30  Zealot x2  
  110  6:39  Zealot  
  112  6:42  Zealot x2  
  112  6:43  Zealot x4  
  112  6:50  Zealot x2  
Tags
 
Add a new tag
Caveats
  • Supply blocks, unpowered buildings, or Contaminate may cause inaccurate times.
  • Supply counts are checked every 10 seconds.